[Event "ICC tourney 2916 (30 10)"]
[Site "Internet Chess Club"]
[Date "2022.05.21"]
[Round "5"]
[White "WU, DARREN:chessboy111"]
[Black "ANGEL, BORYS:BArkadia"]
[Result "0-1"]
[ICCResult "White resigns"]
[WhiteElo "1158"]
[BlackElo "1442"]
[Opening "Scotch gambit"]
[ECO "C44"]
[NIC "SO.06"]
[Time "20:01:13"]
[PlyCount "134"]
[TimeControl "1800+10"]

1. e4 e5 2. Nf3 Nc6 3. d4 exd4 4. Bc4 Bc5 5. O-O h6 6. c3 dxc3 7. Bxf7+ Kxf7
8. Qd5+ Ke8 9. Qxc5 d6 10. Qxc3 Nf6 11. Re1 Kf7 12. Bf4 Be6 13. Nbd2 d5 14.
Ne5+ Nxe5 15. Qxe5 dxe4 16. Nxe4 Nxe4 17. Rxe4 Re8 18. Qh5+ Kg8 19. Rae1 Bf7
20. Rxe8+ Bxe8 21. Qc5 Bc6 22. b4 a6 23. Qe5 Qf8 24. a3 Re8 25. Qc3 Rxe1+
26. Qxe1 Qxf4 27. Qe6+ Kh7 28. Qe1 Qe4 29. Qf1 Bb5 30. Qc1 Qd3 31. h3 c6 32.
Kh2 Qd6+ 33. Kg1 Bd3 34. Qd2 Qg6 35. Kh1 Be4 36. f3 Bd5 37. Qf2 Qb1+ 38. Kh2
Qb3 39. Qd4 Qxa3 40. Qf4 Qd3 41. Qg3 Qd4 42. Qd6 Qd2 43. Kg1 Qg5 44. Kh2 h5
45. Qc5 h4 46. Qc2+ Kh6 47. Qe2 Qf4+ 48. Kg1 Qxb4 49. Qe3+ Kh7 50. Qd3+ Kg8
51. Qf5 Qe1+ 52. Kh2 Be6 53. Qd3 Qg3+ 54. Kh1 Bxh3 55. Qd8+ Kh7 56. Qd3+ Qg6
57. Qd2 Bxg2+ 58. Kh2 Qg3+ 59. Kg1 Bxf3+ 60. Kf1 Qh3+ 61. Ke1 Qh1+ 62. Kf2
Qg2+ 63. Ke3 Qxd2+ 64. Kxd2 h3 65. Ke1 h2 66. Kf2 h1=Q 67. Ke3 g5
{White resigns}
0-1

[Event "ICC tourney 2916 (30 10)"]
[Site "Internet Chess Club"]
[Date "2022.05.21"]
[Round "5"]
[White "Augustine, Alexander Demir:DemaddAAA"]
[Black "WU, WINSTON:K01-30022609"]
[Result "1/2-1/2"]
[ICCResult "Game drawn by mutual agreement"]
[WhiteElo "1114"]
[BlackElo "1405"]
[Opening "French: Tarrasch, closed variation"]
[ECO "C05"]
[NIC "FR.16"]
[Time "20:01:22"]
[PlyCount "113"]
[TimeControl "1800+10"]

1. e4 e6 2. d4 d5 3. Nd2 Nf6 4. e5 Nfd7 5. Ngf3 c5 6. c3 Nc6 7. Bd3 g6 8.
O-O Bg7 9. Re1 O-O 10. Nf1 cxd4 11. cxd4 Qb6 12. Bb1 f6 13. exf6 Nxf6 14.
Ng3 Ng4 15. h3 Nxf2 16. Kxf2 Nxd4 17. Re3 Nxf3 18. gxf3 Bd4 19. Qe2 Bxe3+
20. Bxe3 d4 21. Bh6 d3+ 22. Qe3 Qxb2+ 23. Qd2 Qxd2+ 24. Bxd2 Bd7 25. Bxd3
Bc6 26. Be2 Rad8 27. Be3 a6 28. Rc1 Rf7 29. Nf1 Bd5 30. Rc2 b5 31. a3 e5 32.
Nd2 e4 33. Bg5 Re8 34. Rc5 Bb7 35. Be3 exf3 36. Nxf3 Bxf3 37. Bxf3 Ref8 38.
Bh6 Rxf3+ 39. Kg2 Rf2+ 40. Kg3 R8f7 41. Rc8+ Rf8 42. Bxf8 Rxf8 43. Rc6 Ra8
44. Kf4 Kg7 45. Kg5 h6+ 46. Kg4 Ra7 47. h4 a5 48. Rb6 b4 49. axb4 a4 50. Rc6
a3 51. Rc1 a2 52. Ra1 Ra4 53. Kg3 Kf6 54. h5 Rxb4 55. Rxa2 gxh5 56. Ra6+ Kf5
57. Ra5+ {Game drawn by mutual agreement} 1/2-1/2

[Event "ICC tourney 2916 (30 10)"]
[Site "Internet Chess Club"]
[Date "2022.05.21"]
[Round "5"]
[White "INDUKURI, SUHAS VARMA:Suhas12"]
[Black "Bharathy Mohan, Aarav Sai:aaravbm"]
[Result "1-0"]
[ICCResult "Black checkmated"]
[WhiteElo "1490"]
[BlackElo "1177"]
[Opening "Giuoco Piano"]
[ECO "C54"]
[NIC "IG.02"]
[Time "20:01:13"]
[PlyCount "111"]
[TimeControl "1800+10"]

1. e4 e5 2. Nf3 Nc6 3. Bc4 Bc5 4. c3 Nf6 5. d4 exd4 6. e5 Ng8 7. cxd4 Bb4+
8. Nc3 Nge7 9. O-O O-O 10. Bg5 h6 11. Bh4 d6 12. Re1 dxe5 13. d5 Na5 14.
Nxe5 Nxc4 15. Nxc4 Re8 16. Qe2 Bd7 17. d6 g5 18. dxe7 Rxe7 19. Qh5 gxh4 20.
Qxh6 Bxc3 21. bxc3 Re6 22. Rxe6 Bxe6 23. Ne5 Bxa2 24. Qh5 Be6 25. h3 a5 26.
Ra4 Bb3 27. Rg4+ Kf8 28. Qh8+ Ke7 29. Qxh4+ Ke6 30. Qg3 a4 31. Qe3 a3 32.
Nc6+ Kd7 33. Nxd8 a2 34. Qd4+ Kc8 35. Rg8 a1=Q+ 36. Kh2 b5 37. Qe4 Qa6 38.
Nxf7+ Kd7 39. Rxa8 Qe6 40. Qxe6+ Bxe6 41. Ng5 c5 42. Nxe6 Kxe6 43. h4 Kd5
44. h5 Kc4 45. h6 Kxc3 46. h7 b4 47. h8=Q+ Kb3 48. Qh3+ Kc4 49. Qg4+ Kb3 50.
Qf3+ Kc4 51. Qe4+ Kb3 52. Qd3+ Kb2 53. Qc4 b3 54. Rb8 Ka1 55. Qxb3 c4 56.
Qb2# {Black checkmated} 1-0

[Event "ICC tourney 2916 (30 10)"]
[Site "Internet Chess Club"]
[Date "2022.05.21"]
[Round "5"]
[White "Mason, Mike W:MikeWMason"]
[Black "Anthony, Joseph:ajk170378"]
[Result "0-1"]
[ICCResult "White resigns"]
[WhiteElo "1555"]
[BlackElo "1534"]
[Opening "Pirc: Ufimtsev-Pytel variation"]
[ECO "B07"]
[NIC "PU.08"]
[Time "20:01:25"]
[PlyCount "118"]
[TimeControl "1800+10"]

1. e4 d6 2. d4 Nf6 3. Nc3 c6 4. f4 Qa5 5. Bd2 Qc7 6. Nf3 Bg4 7. Be2 Bxf3 8.
Bxf3 Nbd7 9. e5 dxe5 10. dxe5 Nd5 11. Qe2 e6 12. Ne4 b5 13. O-O Be7 14. Kh1
O-O 15. Rac1 Rac8 16. c4 bxc4 17. Rxc4 N7b6 18. Rc2 Rfd8 19. Rfc1 Nb4 20.
Bxb4 Bxb4 21. a3 Be7 22. g3 Qb7 23. Nc5 Bxc5 24. Rxc5 Nd5 25. b4 a6 26. Qc2
Ne7 27. Rd1 Rxd1+ 28. Qxd1 h6 29. Be4 Nd5 30. Qc1 Qd7 31. f5 Qc7 32. Bxd5
exd5 33. e6 fxe6 34. f6 gxf6 35. Qxh6 Qg7 36. Qf4 e5 37. Qf5 Rc7 38. Ra5 Ra7
39. Qc8+ Kh7 40. Rxa6 Rxa6 41. Qxa6 Qd7 42. b5 cxb5 43. Qxf6 e4 44. Qh4+ Kg6
45. Qh8 e3 46. Qd4 Qe6 47. Qd3+ Kf7 48. Qe2 d4 49. Kg2 Qd5+ 50. Qf3+ Ke6 51.
h4 d3 52. Qxd5+ Kxd5 53. Kf3 Kd4 54. h5 e2 55. Kf2 Kc3 56. h6 Kd2 57. h7
e1=Q+ 58. Kg2 Qe4+ 59. Kf2 Qxh7 {White resigns} 0-1